3L
PHILADELPHIA 1776 BC @ CAPITAL DISTRICT RED KNIGHTS
06/18/2023
 
TOP OF THE 1ST
Philadelphia 1776 BC batting - Pitching for Capital District Red Knights : RHP Reed Taylor
Pitching: RHP Reed Taylor
Batting: RHB Jesús Orozco 0-0: Called Strike
0-1: Foul Ball, location: 2F
0-2: Ball
1-2: Ball
2-2: Ball
3-2: Base on Balls
Batting: LHB Cliff Aldridge 0-0: Ball
1-0: Called Strike
1-1: DOUBLE (Line Drive, 9LM)
Jesús Orozco to third
Batting: LHB Héctor Torres 0-0: Ground out U3 (Groundball, 3L)
Batting: RHB Dave Morris 0-0: Ball
1-0: Ball
2-0: DOUBLE (Popup, 7LS)
Jesús Orozco scores
Cliff Aldridge scores
Batting: SHB Jesús Cabañe 0-0: Ball
Dave Morris steals 3rd base
1-0: Fly out, F8 (Flyball, 8LS)
Batting: RHB Craig Stewart 0-0: Ball
1-0: Ball
2-0: Called Strike
2-1: Foul Ball, location: 2F
2-2: Ball
3-2: SINGLE (Line Drive, 6)
Dave Morris scores
Batting: RHB Patrizio Vanali 0-0: Ball
1-0: Called Strike
1-1: Ball
2-1: Fly out, F8 (Flyball, 8LS)
Top of the 1st over - 3 run(s), 3 hit(s), 0 error(s), 1 left on base; Philadelphia 1776 3 - Capital District 0
BOTTOM OF THE 1ST
Capital District Red Knights batting - Pitching for Philadelphia 1776 BC : LHP Carlos Sánchez
Pitching: LHP Carlos Sánchez
Batting: RHB Manny Carbajal 0-0: Called Strike
0-1: Swinging Strike
0-2: Strikes out swinging
Batting: RHB Shawn Hicks 0-0: Called Strike
0-1: DOUBLE (Line Drive, 7LS)
Batting: RHB Tom Christensen 0-0: Ball
1-0: Ball
2-0: Foul Ball, location: 2F
2-1: Ground out 5-3 (Groundball, 5S)
Shawn Hicks to third
Batting: RHB Louis Henderson 0-0: Called Strike
0-1: Fly out, F7 (Flyball, 7LM)
Bottom of the 1st over - 0 run(s), 1 hit(s), 0 error(s), 1 left on base; Philadelphia 1776 3 - Capital District 0
TOP OF THE 2ND
Philadelphia 1776 BC batting - Pitching for Capital District Red Knights : RHP Reed Taylor
Batting: RHB Brady Ferris 0-0: Ball
1-0: Ball
2-0: Called Strike
2-1: Foul Ball, location: 2F
2-2: Foul Ball, location: 2F
2-2: Ball
3-2: Base on Balls
Batting: RHB Joe Smith 0-0: Ball
1-0: Swinging Strike
1-1: Ball
2-1: SINGLE (Flyball, 89S)
Brady Ferris to second
Runner from 2nd tries for 3rd, SAFE, no throw or cutoff
Batting: RHB Jesús Orozco 0-0: Ball
1-0: Ball
2-0: Foul Ball, location: 2F
2-1: Ball
3-1: Base on Balls
Joe Smith to second
Batting: LHB Cliff Aldridge 0-0: Fly out, F8 (Flyball, 78D)
Runner from 3rd tags up, SCORES, no throw
Batting: LHB Héctor Torres 0-0: Ball
1-0: Foul Ball, location: 2F
1-1: Called Strike
1-2: Foul Ball, location: 2F
1-2: Ball
2-2: Ball
3-2: Base on Balls
Joe Smith to third
Jesús Orozco to second
Batting: RHB Dave Morris 0-0: Called Strike
0-1: Ball
1-1: Called Strike
1-2: Foul Ball, location: 2F
1-2: Strikes out swinging
Batting: SHB Jesús Cabañe 0-0: Ball
1-0: Ball
2-0: Foul Ball, location: 2F
2-1: Called Strike
2-2: Ball
3-2: Foul Ball, location: 2F
3-2: Base on Balls
Joe Smith scores
Jesús Orozco to third
Héctor Torres to second
Batting: RHB Craig Stewart 0-0: Ball
1-0: Swinging Strike
1-1: Called Strike
1-2: Ground out 5-3 (Groundball, 5)
Top of the 2nd over - 2 run(s), 1 hit(s), 0 error(s), 3 left on base; Philadelphia 1776 5 - Capital District 0
BOTTOM OF THE 2ND
Capital District Red Knights batting - Pitching for Philadelphia 1776 BC : LHP Carlos Sánchez
Batting: LHB Leonardo López 0-0: Called Strike
0-1: Ball
1-1: Ball
2-1: Called Strike
2-2: Strikes out looking
Batting: RHB Martin Young 0-0: Ground out 4-3 (Groundball, 4M)
Batting: LHB Arturo Hernández 0-0: Called Strike
0-1: Swinging Strike
0-2: Ball
1-2: Strikes out swinging
Bottom of the 2nd over - 0 run(s), 0 hit(s), 0 error(s), 0 left on base; Philadelphia 1776 5 - Capital District 0
TOP OF THE 3RD
Philadelphia 1776 BC batting - Pitching for Capital District Red Knights : RHP Reed Taylor
Batting: RHB Patrizio Vanali 0-0: Ball
1-0: Ball
2-0: SINGLE (Line Drive, 6MD)
Batting: RHB Brady Ferris 0-0: Ball
1-0: Foul Ball, location: 2F
1-1: Foul Ball, location: 2F
1-2: Ball
2-2: Strikes out swinging
Batting: RHB Joe Smith 0-0: Swinging Strike
0-1: Called Strike
Patrizio Vanali steals 2nd base
0-2: Ball
1-2: Foul Ball, location: 2F
1-2: 2-RUN HOME RUN (Flyball, 9D), Distance : 339 ft
Batting: RHB Jesús Orozco 0-0: Called Strike
0-1: Ground out U3 (Groundball, 3S)
Batting: LHB Cliff Aldridge 0-0: Swinging Strike
0-1: Ball
1-1: Ball
2-1: Foul Ball, location: 2F
2-2: Ball
3-2: Strikes out swinging
Top of the 3rd over - 2 run(s), 2 hit(s), 0 error(s), 0 left on base; Philadelphia 1776 7 - Capital District 0
BOTTOM OF THE 3RD
Capital District Red Knights batting - Pitching for Philadelphia 1776 BC : LHP Carlos Sánchez
Batting: RHB Jason Weston 0-0: Ball
1-0: Foul Ball, location: 2F
1-1: Swinging Strike
1-2: Ground out 5-3 (Groundball, 56)
Batting: LHB Arturo Acosta 0-0: Fly out, F3 (Line Drive, 3)
Batting: RHB Manny Carbajal 0-0: Called Strike
0-1: Fly out, F7 (Flyball, 7D)
Bottom of the 3rd over - 0 run(s), 0 hit(s), 0 error(s), 0 left on base; Philadelphia 1776 7 - Capital District 0
TOP OF THE 4TH
Philadelphia 1776 BC batting - Pitching for Capital District Red Knights : RHP Reed Taylor
Pitching: LHP Jeffery Howell
Batting: LHB Héctor Torres 0-0: Fly out, F5 (Popup, 5F)
Batting: RHB Dave Morris 0-0: Ball
1-0: Ball
2-0: Ball
3-0: Foul Ball, location: 2F
3-1: Called Strike
3-2: Ground out 6-3 (Groundball, 6)
Batting: SHB Jesús Cabañe 0-0: Ball
1-0: Ball
2-0: Ball
3-0: Base on Balls
Batting: RHB Craig Stewart 0-0: Ball
1-0: Called Strike
1-1: Ball
2-1: Called Strike
2-2: Foul Ball, location: 2F
2-2: Ball
3-2: DOUBLE (Line Drive, 7LM)
Jesús Cabañe to third
Jesús Cabañe scores
Batting: RHB Patrizio Vanali 0-0: Ball
1-0: Called Strike
1-1: Ball
2-1: Ball
3-1: Called Strike
3-2: Base on Balls
Batting: RHB Brady Ferris 0-0: Called Strike
0-1: Foul Ball, location: 2F
0-2: Fly out, F7 (Line Drive, 7S)
Top of the 4th over - 1 run(s), 1 hit(s), 0 error(s), 2 left on base; Philadelphia 1776 8 - Capital District 0
BOTTOM OF THE 4TH
Capital District Red Knights batting - Pitching for Philadelphia 1776 BC : LHP Carlos Sánchez
Batting: RHB Shawn Hicks 0-0: Swinging Strike
0-1: Ball
1-1: Foul Ball, location: 2F
1-2: Strikes out swinging
Batting: RHB Tom Christensen 0-0: Ball
1-0: SINGLE (Line Drive, 8RS)
Batting: RHB Louis Henderson 0-0: Called Strike
0-1: Called Strike
Tom Christensen steals 2nd base
0-2: Fly out, F9 (Flyball, 89S)
Batting: LHB Leonardo López 0-0: Called Strike
0-1: Foul Ball, location: 2F
0-2: Ball
1-2: Ball
2-2: Fly out, F7 (Flyball, 78M)
Bottom of the 4th over - 0 run(s), 1 hit(s), 0 error(s), 1 left on base; Philadelphia 1776 8 - Capital District 0
TOP OF THE 5TH
Philadelphia 1776 BC batting - Pitching for Capital District Red Knights : LHP Jeffery Howell
Batting: RHB Joe Smith 0-0: Ball
1-0: Foul Ball, location: 2F
1-1: Ball
2-1: Foul Ball, location: 2F
2-2: Foul Ball, location: 2F
2-2: Strikes out swinging
Batting: RHB Jesús Orozco 0-0: Ball
1-0: Called Strike
1-1: Ball
2-1: Called Strike
2-2: Foul Ball, location: 2F
2-2: Fly out, F9 (Flyball, 9LM)
Batting: LHB Cliff Aldridge 0-0: Called Strike
0-1: Swinging Strike
0-2: Ball
1-2: Foul Ball, location: 2F
1-2: Foul Ball, location: 2F
1-2: Strikes out swinging
Top of the 5th over - 0 run(s), 0 hit(s), 0 error(s), 0 left on base; Philadelphia 1776 8 - Capital District 0
BOTTOM OF THE 5TH
Capital District Red Knights batting - Pitching for Philadelphia 1776 BC : LHP Carlos Sánchez
Batting: RHB Martin Young 0-0: Ground out 6-3 (Groundball, 6)
Batting: LHB Arturo Hernández 0-0: Ball
1-0: Fly out, F6 (Popup, 6MD)
Batting: RHB Jason Weston 0-0: Swinging Strike
0-1: Called Strike
0-2: Ball
1-2: Ball
2-2: Ground out 4-3 (Groundball, 4)
Bottom of the 5th over - 0 run(s), 0 hit(s), 0 error(s), 0 left on base; Philadelphia 1776 8 - Capital District 0
TOP OF THE 6TH
Philadelphia 1776 BC batting - Pitching for Capital District Red Knights : LHP Jeffery Howell
Pitching: RHP Lou Lowry
Batting: LHB Héctor Torres 0-0: Called Strike
0-1: Ball
1-1: Fly out, F9 (Flyball, 9LS)
Batting: RHB Dave Morris 0-0: Ball
1-0: Ball
2-0: Foul Ball, location: 2F
2-1: Fly out, F8 (Flyball, 8RM)
Batting: SHB Jesús Cabañe 0-0: Called Strike
0-1: Ball
1-1: Ball
2-1: Swinging Strike
2-2: SINGLE (Groundball, 34D)
Batting: RHB Craig Stewart 0-0: Ball
1-0: Called Strike
1-1: Called Strike
1-2: Foul Ball, location: 2F
1-2: Ball
Jesús Cabañe is caught stealing 2nd base
Top of the 6th over - 0 run(s), 1 hit(s), 0 error(s), 0 left on base; Philadelphia 1776 8 - Capital District 0
BOTTOM OF THE 6TH
Capital District Red Knights batting - Pitching for Philadelphia 1776 BC : LHP Carlos Sánchez
Batting: LHB Arturo Acosta 0-0: Ball
1-0: Swinging Strike
1-1: Ground out 1-3 (Groundball, 13S)
Batting: RHB Manny Carbajal 0-0: Ground out 1-3 (Groundball, 15S)
Batting: RHB Shawn Hicks 0-0: Swinging Strike
0-1: Ball
1-1: Swinging Strike
1-2: Strikes out looking
Bottom of the 6th over - 0 run(s), 0 hit(s), 0 error(s), 0 left on base; Philadelphia 1776 8 - Capital District 0
TOP OF THE 7TH
Philadelphia 1776 BC batting - Pitching for Capital District Red Knights : RHP Lou Lowry
Batting: RHB Craig Stewart 0-0: Ball
1-0: Swinging Strike
1-1: Ball
2-1: Ball
3-1: Fly out, F3 (Popup, 34S)
Batting: RHB Patrizio Vanali 0-0: Ball
1-0: Fly out, F8 (Line Drive, 8LM)
Batting: RHB Brady Ferris 0-0: SINGLE (Line Drive, 6D)
Batting: RHB Joe Smith 0-0: Swinging Strike
0-1: Ball
1-1: Called Strike
1-2: Ball
2-2: Strikes out looking
Top of the 7th over - 0 run(s), 1 hit(s), 0 error(s), 1 left on base; Philadelphia 1776 8 - Capital District 0
BOTTOM OF THE 7TH
Capital District Red Knights batting - Pitching for Philadelphia 1776 BC : LHP Carlos Sánchez
Batting: RHB Tom Christensen 0-0: Foul Ball, location: 2F
0-1: Fly out, F9 (Flyball, 89M)
Batting: RHB Louis Henderson 0-0: Ground out 1-3 (Groundball, 13)
Batting: LHB Leonardo López 0-0: Swinging Strike
0-1: Ball
1-1: Called Strike
1-2: Ball
2-2: Strikes out swinging
Bottom of the 7th over - 0 run(s), 0 hit(s), 0 error(s), 0 left on base; Philadelphia 1776 8 - Capital District 0
TOP OF THE 8TH
Philadelphia 1776 BC batting - Pitching for Capital District Red Knights : RHP Lou Lowry
Batting: RHB Jesús Orozco 0-0: Ball
1-0: Foul Ball, location: 2F
1-1: Ball
2-1: Bunt missed!
2-2: Ball
3-2: SINGLE (Line Drive, 9S)
Batting: LHB Cliff Aldridge 0-0: Fly out, F5 (Popup, 5D)
Batting: LHB Héctor Torres 0-0: Ball
1-0: Swinging Strike
1-1: Called Strike
1-2: Grounds into double play, 4-6-3 (Groundball, 4)
Top of the 8th over - 0 run(s), 1 hit(s), 0 error(s), 0 left on base; Philadelphia 1776 8 - Capital District 0
BOTTOM OF THE 8TH
Capital District Red Knights batting - Pitching for Philadelphia 1776 BC : LHP Carlos Sánchez
Batting: RHB Martin Young 0-0: Called Strike
0-1: Foul Ball, location: 2F
0-2: Ball
1-2: Strikes out swinging
Batting: LHB Arturo Hernández 0-0: Ball
1-0: Swinging Strike
1-1: Ball
2-1: Foul Ball, location: 2F
2-2: Strikes out swinging
Batting: RHB Jason Weston 0-0: Ball
1-0: Ball
2-0: Ball
3-0: Called Strike
3-1: Foul Ball, location: 2F
3-2: Strikes out swinging
Bottom of the 8th over - 0 run(s), 0 hit(s), 0 error(s), 0 left on base; Philadelphia 1776 8 - Capital District 0
TOP OF THE 9TH
Philadelphia 1776 BC batting - Pitching for Capital District Red Knights : RHP Lou Lowry
Batting: RHB Dave Morris 0-0: Ball
1-0: Ball
2-0: Fly out, F3 (Popup, 3)
Batting: SHB Jesús Cabañe 0-0: Ball
1-0: Fly out, F7 (Flyball, 7M)
Batting: RHB Craig Stewart 0-0: Called Strike
0-1: Called Strike
0-2: Fly out, F7 (Line Drive, 7LM)
Top of the 9th over - 0 run(s), 0 hit(s), 0 error(s), 0 left on base; Philadelphia 1776 8 - Capital District 0
BOTTOM OF THE 9TH
Capital District Red Knights batting - Pitching for Philadelphia 1776 BC : LHP Carlos Sánchez
Pinch Hitting: RHB Barry Dempsey 0-0: Foul Ball, location: 2F
0-1: Ball
1-1: Ball
2-1: Ball
3-1: Foul Ball, location: 2F
3-2: Base on Balls
Pitching: LHP Kamal Bataille
Batting: RHB Manny Carbajal 0-0: Called Strike
0-1: Foul Ball, location: 2F
0-2: Strikes out swinging
Batting: RHB Shawn Hicks 0-0: Foul Ball, location: 2F
0-1: Swinging Strike
0-2: Grounds into double play, 5-4-3 (Groundball, 56)
Bottom of the 9th over - 0 run(s), 0 hit(s), 0 error(s), 0 left on base; Philadelphia 1776 8 - Capital District 0
This league is powered by Out of the Park Baseball, the baseball management simulation game for PC, Mac and Linux
Friday, July 8th, 2016 - OOTP Baseball 16.9 Build 39